 Dungeon Sprint DCSS version 0.31-a0-1576-ga3383bade6 (webtiles) character file.

Game seed: 16078574083534400222

6900000 sircluck the Heavyweight Champion (level 27, -53/323 HPs)
             Began as a Troll Berserker on Jan 4, 2024.
             Was the Champion of Makhleb.
             Annihilated by The Servant
             ... wielding a +9 glaive of flaming
              (114 damage)
             ... in the Dungeon (Sprint VIII: "Arena of Blood").
             The game lasted 00:03:41 (69 turns).

sircluck the Heavyweight Champion (Troll Berserker)   Turns: 69, Time: 00:03:41

Health: -53/323    AC:  6    Str: 33    XL:     27
Magic:  28/53      EV: 28    Int:  3    God:    Makhleb [******]
Gold:   0          SH:  0    Dex: 19    Spells: 80/80 levels left

rFire   . . .        h - +∞ Axe of Woe
rCold   . . .        (shield currently unavailable)
rNeg    . . .        a - +0 animal skin
rPois   .            (helmet restricted)
rElec   .            (no cloak)
rCorr   .            (gloves unavailable)
SInv    .            (boots unavailable)
Will    ++...        (no amulet)
Stlth   ++++++++++   (no ring)
HPRegen 1.53/turn    (no ring)
MPRegen 0.33/turn

%: no teleportation
@: no status effects
A: large, unfitting armour, claws 3, regeneration 1, shaggy fur 1, tough skin 1
a: Renounce Religion, Minor Destruction, Lesser Servant of Makhleb, Major
Destruction, Greater Servant of Makhleb


You were in the Dungeon.
You worshipped Makhleb.
Makhleb was exalted by your worship.
You visited 1 branch

Inventory:

Hand Weapons
 h - the +∞ Axe of Woe (weapon)
   (You found it in the Dungeon)
Armour
 a - a +0 animal skin (worn)
Scrolls
 g - a scroll of blinking
Potions
 b - a potion of curing
 c - a potion of heal wounds
 d - a potion of haste
 e - 2 potions of magic
 f - a potion of berserk rage


   Skills:
 O Level 27 Fighting
 + Level 22.9(27) Short Blades
 O Level 27 Long Blades
 O Level 27 Axes
 O Level 27 Maces & Flails
 O Level 27 Polearms
 O Level 27 Staves
 + Level 18.4 Ranged Weapons
 + Level 23.2 Throwing
 O Level 27 Armour
 O Level 27 Dodging
 O Level 27 Stealth
 + Level 23.2 Shields
 O Level 27 Unarmed Combat
 O Level 27 Spellcasting
 + Level 19.6 Conjurations
 + Level 18.1 Hexes
 + Level 19.6 Summonings
 + Level 21.2 Necromancy
 + Level 19.6 Translocations
 + Level 20.9 Fire Magic
 + Level 20.9 Ice Magic
 + Level 19.3 Air Magic
 + Level 24.3 Earth Magic
 + Level 20.9 Alchemy
 O Level 27 Invocations
 + Level 20.9 Evocations
 + Level 24.3 Shapeshifting


You had 80 spell levels left.
You didn't know any spells.
Your spell library was empty.

Dungeon Overview and Level Annotations

Branches:
Dungeon (1/1)

Altars:
Makhleb

Annotations:
D The Captor, The Servant


Innate Abilities, Weirdness & Mutations

You are too large for most types of armour.
You have claws for hands.
Your natural rate of healing is unusually fast.
You are covered in fur. (AC +1)
You have tough skin. (AC +1)


Message History

The destroyer blinks!
The accursed gestures at you while chanting.
Something smites you!
* * * LOW HITPOINT WARNING * * *
The meat berserker rages.
Your base Short Blades skill increases to level 22!
Your Ranged Weapons skill increases to level 18!
Your Throwing skill gained 2 levels and is now at level 23!
Your Shields skill gained 2 levels and is now at level 23!
Your Conjurations skill increases to level 19!
Your Hexes skill increases to level 18!
Your Summonings skill increases to level 19!
Your Necromancy skill increases to level 21!
Your Translocations skill increases to level 19!
Your Fire Magic skill increases to level 20!
Your Ice Magic skill increases to level 20!
Your Air Magic skill increases to level 19!
Your Earth Magic skill increases to level 24!
Your Alchemy skill increases to level 20!
Your Evocations skill increases to level 20!
Your Shapeshifting skill increases to level 24!
A meat berserker comes into view. It is wielding a +9 battleaxe.
Unknown command.
Unknown command.
Unknown command.
Unknown command.
Unknown command.
The meat beast gives a chilling moan.
You hit the bag of meat.
You dissect the bag of meat like a pig carcass.
You kill the bag of meat!
Makhleb accepts your kill.
You slice the bag of meat!!
You slaughter the bag of meat joyfully.
You kill the bag of meat!
Makhleb accepts your kill.
You feel better.
You are engulfed in blazing flames.
* * * LOW HITPOINT WARNING * * *
The accursed is engulfed in blazing flames.
The Servant hits you from afar with a +9 glaive of flaming!!!!
You die...

####.....##.##.
......2.........
#..........#.#..
#..........o....
#..............
..#......§......
.o....)§§o......
.oo..W)@§@o.....
......#§§M§...#.
#...D #°zo....#
O...###.M..M.O###.
..o...oM.###.2.V..
.#.....V.._...z...
......#..)..#@...
......#_.<._#.. .
......#.....#


You could see 4 accurseds, 2 meat beasts, The Servant, an eight-headed meat
hydra, a destroyer, 2 sculptors of flesh, a dread, 2 meat berserkers, The Captor
and 9 bags of meat.

Vanquished Creatures
  A hell beast (D)
  A royal mummy (D)
  A wraith (D)
  16 vampire knights (D)
  32 ogres (D)
  7 two-headed ogres (D)
  A lich (D)
  100 orcs (D)
  5 skeletal warriors (D)
164 creatures vanquished.

Notes
Turn   | Place    | Note
-------+----------+-------------------------------------------
     0 | D        | Found the +∞ Axe of Woe
     0 | D        | sircluck the Troll Berserker began the quest for the Orb.
     0 | D        | Reached XP level 1. HP: 22/22 MP: 0/0
     4 | D        | Fell from the grace of Trog
     4 | D        | Became a worshipper of Makhleb the Destroyer
     4 | D        | Noticed a bag of meat
     4 | D        | Noticed a bag of meat
     5 | D        | Killed a bag of meat
     5 | D        | Noticed a meat berserker
     5 | D        | Noticed a bag of meat
     6 | D        | Reached skill level 15 in Unarmed Combat
     6 | D        | Reached XP level 2. HP: 52/52 MP: 1/1
     6 | D        | Reached XP level 3. HP: 59/59 MP: 2/2
     6 | D        | Reached XP level 4. HP: 68/68 MP: 3/3
     6 | D        | Reached XP level 5. HP: 76/76 MP: 4/4
     6 | D        | Reached XP level 6. HP: 85/85 MP: 5/5
     6 | D        | Reached XP level 7. HP: 93/93 MP: 6/6
     6 | D        | Reached XP level 8. HP: 102/102 MP: 7/7
     6 | D        | Reached XP level 9. HP: 110/110 MP: 8/8
     6 | D        | Reached XP level 10. HP: 119/119 MP: 9/9
     7 | D        | Noticed a bag of meat
     7 | D        | Noticed a meat berserker
     9 | D        | Noticed a bag of meat
     9 | D        | Noticed a bag of meat
     9 | D        | Noticed a meat berserker
    10 | D        | Noticed a bag of meat
    10 | D        | Noticed a bag of meat
    10 | D        | Noticed a bag of meat
    10 | D        | Noticed a meat berserker
    10 | D        | Noticed a bag of meat
    10 | D        | Noticed a bag of meat
    11 | D        | Noticed a meat berserker
    11 | D        | Noticed a bag of meat
    11 | D        | Noticed a bag of meat
    11 | D        | Noticed a bag of meat
    11 | D        | Noticed a bag of meat
    12 | D        | Killed a meat berserker
    12 | D        | Reached * piety under Makhleb
    12 | D        | Killed a meat berserker
    12 | D        | Noticed a bag of meat
    12 | D        | Noticed a bag of meat
    12 | D        | Noticed a bag of meat
    12 | D        | Noticed a bag of meat
    13 | D        | Reached XP level 11. HP: 141/141 MP: 10/10
    13 | D        | Reached XP level 12. HP: 150/150 MP: 11/11
    13 | D        | Reached XP level 13. HP: 158/158 MP: 12/12
    13 | D        | Killed a bag of meat
    13 | D        | Killed a bag of meat
    13 | D        | Reached ** piety under Makhleb
    13 | D        | Killed a bag of meat
    13 | D        | Killed a meat berserker
    13 | D        | Killed a bag of meat
    13 | D        | Reached *** piety under Makhleb
    13 | D        | Noticed a bag of meat
    13 | D        | Noticed a bag of meat
    13 | D        | Noticed a bag of meat
    14 | D        | Reached XP level 14. HP: 93/180 MP: 13/13
    14 | D        | Reached XP level 15. HP: 97/189 MP: 14/14
    14 | D        | Killed a meat berserker
    14 | D        | Reached **** piety under Makhleb
    14 | D        | Killed a meat berserker
    14 | D        | Noticed a meat berserker
    15 | D        | Reached skill level 27 in Unarmed Combat
    15 | D        | Reached XP level 16. HP: 119/213 MP: 15/15
    15 | D        | Reached ***** piety under Makhleb
    15 | D        | Noticed a large bag of meat
    15 | D        | Noticed a meat berserker
    16 | D        | Reached skill level 27 in Fighting
    16 | D        | Reached skill level 27 in Dodging
    16 | D        | Reached ****** piety under Makhleb
    16 | D        | Noticed a meat berserker
    17 | D        | Reached XP level 17. HP: 208/226 MP: 16/16
    17 | D        | Killed a meat berserker
    17 | D        | Noticed a large bag of meat
    18 | D        | Reached skill level 27 in Axes
    18 | D        | Reached XP level 18. HP: 236/236 MP: 17/17
    18 | D        | Noticed a meat berserker
    18 | D        | Noticed a meat berserker
    19 | D        | Reached skill level 5 in Stealth
    19 | D        | Noticed a meat berserker
    19 | D        | Noticed a destroyer
    19 | D        | Noticed a large bag of meat
    20 | D        | Killed a destroyer
    21 | D        | Killed a meat berserker
    21 | D        | Killed a large bag of meat
    21 | D        | Noticed a destroyer
    22 | D        | Reached XP level 19. HP: 200/245 MP: 18/18
    22 | D        | Noticed a destroyer
    23 | D        | Killed a meat berserker
    24 | D        | Reached skill level 15 in Stealth
    24 | D        | Reached XP level 20. HP: 221/256 MP: 19/19
    24 | D        | Killed a meat berserker
    25 | D        | Killed a large bag of meat
    25 | D        | Noticed a meat berserker
    25 | D        | Noticed a meat berserker
    25 | D        | Noticed a meat berserker
    26 | D        | Killed a meat berserker
    26 | D        | Noticed a destroyer
    27 | D        | Killed a large bag of meat
    27 | D        | Noticed a meat berserker
    27 | D        | Noticed a meat berserker
    28 | D        | Reached XP level 21. HP: 229/265 MP: 20/20
    30 | D        | Reached skill level 27 in Maces & Flails
    31 | D        | Reached skill level 27 in Polearms
    31 | D        | Reached skill level 27 in Armour
    31 | D        | Noticed a destroyer
    33 | D        | Reached skill level 27 in Stealth
    33 | D        | Reached skill level 5 in Spellcasting
    33 | D        | Reached XP level 22. HP: 255/275 MP: 20/29
    33 | D        | Noticed a large bag of meat
    35 | D        | Noticed a destroyer
    36 | D        | Reached XP level 23. HP: 267/284 MP: 20/42
    36 | D        | Noticed a destroyer
    37 | D        | Killed a destroyer
    37 | D        | Noticed a destroyer
    38 | D        | Reached skill level 27 in Invocations
    38 | D        | Noticed a destroyer
    39 | D        | Reached skill level 27 in Spellcasting
    39 | D        | Reached XP level 24. HP: 286/295 MP: 21/53
    39 | D        | Noticed a destroyer
    40 | D        | Noticed a large bag of meat
    42 | D        | Killed a destroyer
    43 | D        | Reached skill level 27 in Staves
    43 | D        | Reached skill level 1 in Ranged Weapons
    43 | D        | Reached skill level 1 in Hexes
    43 | D        | Killed a destroyer
    43 | D        | Killed a destroyer
    44 | D        | Reached skill level 5 in Short Blades
    44 | D        | Reached skill level 5 in Throwing
    44 | D        | Reached skill level 5 in Shields
    44 | D        | Reached skill level 5 in Necromancy
    44 | D        | Reached skill level 5 in Fire Magic
    44 | D        | Reached skill level 5 in Ice Magic
    44 | D        | Reached skill level 5 in Alchemy
    44 | D        | Reached skill level 5 in Evocations
    44 | D        | Reached XP level 25. HP: 304/304 MP: 22/53
    44 | D        | Killed a large bag of meat
    45 | D        | Reached skill level 10 in Long Blades
    45 | D        | Reached skill level 5 in Ranged Weapons
    45 | D        | Reached skill level 5 in Hexes
    45 | D        | Killed a destroyer
    45 | D        | Killed a destroyer
    45 | D        | Noticed a tyrant
    46 | D        | Reached skill level 10 in Earth Magic
    46 | D        | Reached skill level 10 in Shapeshifting
    47 | D        | Reached skill level 10 in Short Blades
    47 | D        | Reached skill level 10 in Throwing
    47 | D        | Reached skill level 10 in Shields
    47 | D        | Reached XP level 26. HP: 306/314 MP: 23/53
    47 | D        | Killed a destroyer
    48 | D        | Reached skill level 10 in Conjurations
    48 | D        | Reached skill level 10 in Summonings
    48 | D        | Reached skill level 10 in Necromancy
    48 | D        | Reached skill level 10 in Translocations
    48 | D        | Reached skill level 10 in Fire Magic
    48 | D        | Reached skill level 10 in Air Magic
    48 | D        | Reached skill level 10 in Alchemy
    48 | D        | Reached skill level 10 in Evocations
    48 | D        | Noticed a destroyer
    48 | D        | Noticed a destroyer
    49 | D        | Killed a destroyer
    49 | D        | Noticed an accursed
    50 | D        | Reached skill level 10 in Ranged Weapons
    50 | D        | Reached skill level 10 in Hexes
    50 | D        | Killed a large bag of meat
    50 | D        | Noticed a large bag of meat
    51 | D        | Reached skill level 15 in Earth Magic
    51 | D        | Reached skill level 15 in Shapeshifting
    51 | D        | Reached XP level 27. HP: 289/323 MP: 24/53
    52 | D        | Killed a destroyer
    52 | D        | Noticed a destroyer
    53 | D        | Reached skill level 15 in Short Blades
    53 | D        | Reached skill level 15 in Throwing
    53 | D        | Reached skill level 15 in Shields
    54 | D        | Reached skill level 15 in Necromancy
    54 | D        | Reached skill level 15 in Fire Magic
    54 | D        | Reached skill level 15 in Ice Magic
    54 | D        | Reached skill level 15 in Alchemy
    54 | D        | Reached skill level 15 in Evocations
    54 | D        | Killed a destroyer
    55 | D        | Noticed an accursed
    56 | D        | Killed a destroyer
    56 | D        | Noticed a dread
    56 | D        | Noticed a destroyer
    57 | D        | Reached skill level 15 in Conjurations
    57 | D        | Reached skill level 15 in Summonings
    57 | D        | Reached skill level 15 in Translocations
    57 | D        | Reached skill level 15 in Air Magic
    58 | D        | Noticed The Servant
    58 | D        | Killed a destroyer
    58 | D        | Noticed a destroyer
    59 | D        | Noticed a dread
    59 | D        | Noticed an accursed
    59 | D        | Noticed a destroyer
    59 | D        | Noticed a large bag of meat
    60 | D        | Noticed an accursed
    60 | D        | Noticed a meat beast
    60 | D        | Noticed an accursed
    60 | D        | HP: 12/323 [accursed/divine providence (8)]
    61 | D        | Killed a tyrant
    62 | D        | Reached skill level 15 in Ranged Weapons
    62 | D        | Reached skill level 15 in Hexes
    62 | D        | Killed a large bag of meat
    64 | D        | Killed a destroyer
    64 | D        | Noticed a destroyer
    65 | D        | Reached skill level 27 in Long Blades
    66 | D        | Killed a meat beast
    66 | D        | Killed a destroyer
    66 | D        | Noticed a destroyer
    67 | D        | Noticed a meat beast
    68 | D        | Killed an accursed
    68 | D        | Killed a dread
    68 | D        | Killed a large bag of meat
    68 | D        | Killed a destroyer
    68 | D        | Noticed The Captor
    68 | D        | Noticed a meat beast
    69 | D        | Annihilated by The Servant

Illustrated notes

Levels and vault maps discovered:
D:        meatsprint

Skill      XL: |  1  2  3  4  5  6  7  8  9 10 11 12 13 14 15 16 17 18 19 20 21 22 23 24 25 26 27 |
---------------+----------------------------------------------------------------------------------+-----
Fighting       | 13 18 21 25 27 | 27.0
Dodging        | 13 18 21 25 27 | 27.0
Unarmed Combat | 15 21 25 27 | 27.0
Axes           | 22 27 | 27.0
Maces & Flails | 3 18 20 26 27 | 27.0
Polearms       | 2 16 19 24 27 | 27.0
Armour         | 2 16 19 24 27 | 27.0
Stealth        | 2 13 15 19 27 | 27.0
Spellcasting   | 5 16 27 | 27.0
Invocations    | 8 22 27 | 27.0
Staves         | 14 27 | 27.0
Short Blades   | 5 10 14 22 | 22.9
Long Blades    | 8 14 19 27 | 27.0
Ranged Weapons | 4 8 11 18 | 18.4
Throwing       | 5 10 14 23 | 23.2
Shields        | 5 10 14 23 | 23.2
Conjurations   | 4 8 11 19 | 19.6
Hexes          | 4 8 11 18 | 18.1
Summonings     | 4 8 11 19 | 19.6
Necromancy     | 5 9 12 21 | 21.2
Translocations | 4 8 11 19 | 19.6
Fire Magic     | 5 9 13 20 | 20.9
Ice Magic      | 5 9 13 20 | 20.9
Air Magic      | 4 8 12 19 | 19.3
Earth Magic    | 6 11 15 24 | 24.3
Alchemy        | 5 9 13 20 | 20.9
Evocations     | 5 9 13 20 | 20.9
Shapeshifting  | 6 11 15 24 | 24.3

Action                     |  1- 3 |  4- 6 |  7- 9 | 10-12 | 13-15 | 16-18 | 19-21 | 22-24 | 25-27 || total
---------------------------+-------+-------+-------+-------+-------+-------+-------+-------+-------++-------
  Melee: Executioner's axe |     1 |       |       |     1 |     2 |     6 |    10 |    10 |    24 ||    54
 Armour: Animal skin       |       |       |       |       |     4 |     5 |    12 |     7 |    35 ||    63
  Dodge: Dodged            |       |       |       |       |       |     1 |       |       |     3 ||     4

Table legend: (Time is in decaauts)
 A = Elapsed time spent in this place.
 B = Non-inter-level travel time spent in this place.
 C = Inter-level travel time spent in this place.
 D = Time resting spent in this place.
 E = Time spent auto-exploring this place.
 F = Levels seen in this place.
 G = Mean time per level.
                   A        B        C        D        E       F      G
               +--------+--------+--------+--------+--------+-----+--------+
         Total |     59 |     59 |      0 |      0 |      0 |   1 |   59.0 |
       Dungeon |     59 |     59 |      0 |      0 |      0 |   1 |   59.0 |
               +--------+--------+--------+--------+--------+-----+--------+

Top non-repeatable levels by time:
       D: 59 daAuts
